 Dungeon Sprint DCSS version 0.16-a0-4078-g0e80503 (console) character file.

800000 Monkaria the Executioner (level 12, -31/130 HPs)
             Began as a Ghoul Fighter on Feb 22, 2015.
             Annihilated by a meat berserker
             ... wielding a +9 battleaxe
              (78 damage)
             ... in the Dungeon (Sprint VIII: "Arena of Blood").
             The game lasted 00:00:27 (8 turns).

Monkaria the Executioner (Ghoul Fighter)               Turns: 8, Time: 00:00:28

Health: -31/130    AC:  6    Str: 21    XL:     12   Next: 85%
Magic:  9/9        EV:  9    Int:  7    God:
Gold:   0          SH:  0    Dex:  8    Spells: 0 memorised, 11 levels left

rFire  . . .     SeeInvis .     i - +∞ Axe of Woe
rCold  + . .     Clarity  .     b - +0 scale mail
rNeg   + + +     SustAb   .     (no shield)
rPois  ∞         Gourm    .     (no helmet)
rElec  .         Spirit   .     (no cloak)
rCorr  .         Warding  .     (no gloves)
rMut   .         NoTele   +     (no boots)
MR     .....                    (no amulet)
Stlth  ..........               (no ring)
                                (no ring)

@: very slightly contaminated, rotting, hasted, very quick, not resistant to
hostile enchantments, extremely unstealthy
A: rotting body, claws 1, carnivore 3, cold resistance 1, negative energy
resistance 3, poison resistance, slow healing 1, torment resistance, unbreathing
a: no special abilities


You were in the Dungeon.
You were not hungry.

You visited 1 branch

Inventory:

Hand weapons
 a - a +0 war axe
 i - the +∞ Axe of Woe (weapon)
   (You found it in the Dungeon)
Armour
 b - a +0 scale mail (worn)
 c - a +0 shield
Scrolls
 j - a scroll of blinking
Potions
 d - a potion of curing
 e - a potion of might
 f - a potion of heal wounds
 h - 2 potions of magic


   Skills:
 + Level 19.5 Fighting
 * Level 22.2 Axes
 - Level 2.6 Armour
 - Level 2.6 Shields


You had 11 spell levels left.
You didn't know any spells.

Dungeon Overview and Level Annotations

Branches:
Dungeon (1/1)

Altars:
Makhleb


Innate Abilities, Weirdness & Mutations

Your body is rotting away.
You thrive on raw meat.
You have sharp fingernails.
You are carnivorous and can eat meat at any time.
Your flesh is cold resistant.
You are immune to negative energy.
Your system is resistant to poisons.
You heal slowly when monsters are visible.
You are immune to unholy pain and torment.
You can survive without breathing.


Message History

You have reached level 8!
You have reached level 9!
Your experience leads to an increase in your attributes!
Increase (S)trength, (I)ntelligence, or (D)exterity?
You feel clever.
You have reached level 10!
You feel stronger.
You have reached level 11!
You hit the bag of meat.
You slaughter the bag of meat joyfully.
You kill the bag of meat!
Your Fighting skill gained 2 levels and is now at level 19!
Your Axes skill gained 3 levels and is now at level 22!
You have reached level 12!
Your experience leads to an increase in your attributes!
Increase (S)trength, (I)ntelligence, or (D)exterity?
You feel clever.
You hear a shout! x8
The meat berserker hits you with a +9 battleaxe!!!!
Ouch! That really hurt!
You die...

.. .. #. .# #..
.o# .###..
..###.
......###......
....._.....
#.....# #_O@._#
#..)).#
.o..._.....
.o....###......
.###.. o.###.
#.. ..# #. o#
.. ..


You could see a meat berserker (berserk) and 5 bags of meat.

Vanquished Creatures
  2 orcs (D)
2 creatures vanquished.

Notes
Turn   | Place    | Note
--------------------------------------------------------------
     0 | D        | Monkaria, the Ghoul Fighter, began the quest for the Orb.
     0 | D        | Reached XP level 1. HP: 19/19 MP: 1/1
     2 | D        | Noticed a bag of meat
     2 | D        | Noticed a bag of meat
     4 | D        | Noticed a bag of meat
     4 | D        | Noticed a bag of meat
     5 | D        | Noticed a bag of meat
     5 | D        | Noticed a bag of meat
     6 | D        | Noticed a bag of meat
     7 | D        | Noticed a bag of meat
     8 | D        | Noticed a meat berserker
     8 | D        | Killed a bag of meat
     8 | D        | Reached skill level 17 in Fighting
     8 | D        | Reached skill level 19 in Axes
     8 | D        | Reached XP level 2. HP: 22/51 MP: 2/2
     8 | D        | Reached XP level 3. HP: 25/58 MP: 3/3
     8 | D        | Reached XP level 4. HP: 28/66 MP: 3/3
     8 | D        | Reached XP level 5. HP: 30/73 MP: 4/4
     8 | D        | Reached XP level 6. HP: 33/81 MP: 5/5
     8 | D        | Reached XP level 7. HP: 35/88 MP: 5/5
     8 | D        | Reached XP level 8. HP: 37/95 MP: 6/6
     8 | D        | Reached XP level 9. HP: 40/103 MP: 7/7
     8 | D        | Reached XP level 10. HP: 43/111 MP: 7/7
     8 | D        | Reached XP level 11. HP: 45/117 MP: 8/8
     8 | D        | Killed a bag of meat
     8 | D        | Reached skill level 22 in Axes
     8 | D        | Reached XP level 12. HP: 47/130 MP: 9/9
     8 | D        | Annihilated by a meat berserker

Action                   |  1- 3 |  4- 6 |  7- 9 | 10-12 || total
-------------------------+-------+-------+-------+-------++-------
Melee: Executioner's axe |     1 |       |       |       ||     1
  Use: Potion            |     1 |       |       |       ||     1
